TOP OF THE 1ST |
Houston Marshals batting - Pitching for Kansas City Kings : RHP Ron Young
|
Pitching: RHP Ron Young
|
|
Batting: RHB Jim Tracy
|
0-0: Called Strike 0-1: Ball 1-1: Swinging Strike 1-2: Ball 2-2: Fly out, F3 (Popup, 34)
|
Batting: LHB Lewis Barr
|
0-0: Ball 1-0: Called Strike 1-1: Fly out, F8 (Flyball, 78D)
|
Batting: LHB Matt Smith
|
0-0: Fly out, F7 (Line Drive, 78D)
|
Top of the 1st over - 0 run(s), 0 hit(s), 0 error(s), 0 left on base; Houston 0 - Kansas City 0 |
BOTTOM OF THE 1ST |
Kansas City Kings batting - Pitching for Houston Marshals : LHP Carlos Tavárez
|
Pitching: LHP Carlos Tavárez
|
|
Batting: RHB Chris Chandler
|
0-0: Ball 1-0: Ball 2-0: SINGLE (Groundball, 56D)
|
Batting: SHB Douglas Taylor
|
0-0: Called Strike 0-1: Ball 1-1: Ball 2-1: Ball 3-1: Foul Ball, location: 2F 3-2: Strikes out looking Chris Chandler is caught stealing 2nd base Batter strikes out.
|
Batting: RHB Toshimichi Kono
|
0-0: Foul Ball, location: 2F 0-1: Ball 1-1: Fly out, F9 (Flyball, 89M)
|
Bottom of the 1st over - 0 run(s), 1 hit(s), 0 error(s), 0 left on base; Houston 0 - Kansas City 0 |
TOP OF THE 2ND |
Houston Marshals batting - Pitching for Kansas City Kings : RHP Ron Young
|
Batting: LHB José Rodríguez
|
0-0: Ball 1-0: Ground out 6-3 (Groundball, 6)
|
Batting: RHB David Murray
|
0-0: Ball 1-0: Foul Ball, location: 2F 1-1: Swinging Strike 1-2: DOUBLE (Groundball, 5L)
|
Batting: RHB Chris Parker
|
0-0: Fly out, F8 (Flyball, 8LXD) Runner from 2nd tags up, SAFE at 3rd, no throw
|
Batting: SHB Ramón Lugo
|
0-0: Called Strike 0-1: Foul Ball, location: 2F 0-2: Ball 1-2: Ball 2-2: Fly out, F8 (Flyball, 78M)
|
Top of the 2nd over - 0 run(s), 1 hit(s), 0 error(s), 1 left on base; Houston 0 - Kansas City 0 |
BOTTOM OF THE 2ND |
Kansas City Kings batting - Pitching for Houston Marshals : LHP Carlos Tavárez
|
Batting: RHB Dave Parker
|
0-0: Foul Ball, location: 2F 0-1: SINGLE (Flyball, 9LS)
|
Batting: LHB Luis González
|
0-0: Ball 1-0: Ball 2-0: Foul Ball, location: 2F 2-1: Fly out, F9 (Flyball, 9)
|
Batting: SHB António De La Cruz
|
0-0: Ball 1-0: Ball 2-0: Ball 3-0: Base on Balls Dave Parker to second
|
Batting: LHB Howard Lambert
|
0-0: Ball 1-0: Ball 2-0: Ball 3-0: Called Strike 3-1: Swinging Strike 3-2: Foul Ball, location: 2F 3-2: Base on Balls Dave Parker to third António De La Cruz to second
|
Batting: RHB Tony Quinn
|
0-0: Fly out, F5 (Popup, 56)
|
Batting: LHB Bruno Lalonde
|
0-0: Ball 1-0: Ball 2-0: Fielders Choice at 2nd, 6-4 (Groundball, 6)
|
Bottom of the 2nd over - 0 run(s), 1 hit(s), 0 error(s), 2 left on base; Houston 0 - Kansas City 0 |
TOP OF THE 3RD |
Houston Marshals batting - Pitching for Kansas City Kings : RHP Ron Young
|
Batting: SHB Juan Gómez
|
0-0: Foul Ball, location: 2F 0-1: Ball 1-1: Hit by Pitch
|
Batting: RHB Sadao Kimura
|
0-0: Fly out, F7 (Flyball, 7D)
|
Batting: RHB Jim Tracy
|
0-0: Called Strike 0-1: Foul Ball, location: 2F 0-2: Strikes out swinging
|
Batting: LHB Lewis Barr
|
0-0: Called Strike 0-1: Ball 1-1: Foul Ball, location: 2F 1-2: Strikes out swinging
|
Top of the 3rd over - 0 run(s), 0 hit(s), 0 error(s), 1 left on base; Houston 0 - Kansas City 0 |
BOTTOM OF THE 3RD |
Kansas City Kings batting - Pitching for Houston Marshals : LHP Carlos Tavárez
|
Batting: RHB Chris Chandler
|
0-0: Foul Ball, location: 2F 0-1: SINGLE (Groundball, 6D)
|
Batting: SHB Douglas Taylor
|
0-0: Fly out, F9 (Flyball, 9S)
|
Batting: RHB Toshimichi Kono
|
0-0: Fielders Choice at 2nd, 4-6 (Groundball, 4M)
|
Batting: RHB Dave Parker
|
0-0: Foul Ball, location: 2F 0-1: Ball 1-1: Ball 2-1: Swinging Strike 2-2: Strikes out swinging
|
Bottom of the 3rd over - 0 run(s), 1 hit(s), 0 error(s), 1 left on base; Houston 0 - Kansas City 0 |
TOP OF THE 4TH |
Houston Marshals batting - Pitching for Kansas City Kings : RHP Ron Young
|
Batting: LHB Matt Smith
|
0-0: Ball 1-0: Called Strike 1-1: Ball 2-1: Called Strike 2-2: Strikes out swinging
|
Batting: LHB José Rodríguez
|
0-0: Called Strike 0-1: Called Strike 0-2: Ball 1-2: Foul Ball, location: 2F 1-2: Ground out 6-3 (Groundball, 6M)
|
Batting: RHB David Murray
|
0-0: Foul Ball, location: 2F 0-1: Ball 1-1: Foul Ball, location: 2F 1-2: Ball 2-2: Ball 3-2: SINGLE (Line Drive, 56D)
|
Batting: RHB Chris Parker
|
0-0: Ball 1-0: Called Strike 1-1: Ball David Murray is caught stealing 2nd base
|
Top of the 4th over - 0 run(s), 1 hit(s), 0 error(s), 0 left on base; Houston 0 - Kansas City 0 |
BOTTOM OF THE 4TH |
Kansas City Kings batting - Pitching for Houston Marshals : LHP Carlos Tavárez
|
Batting: LHB Luis González
|
0-0: Ball 1-0: Foul Ball, location: 2F 1-1: Ball 2-1: Foul Ball, location: 2F 2-2: Ball 3-2: Strikes out swinging
|
Batting: SHB António De La Cruz
|
0-0: Ground out 6-3 (Groundball, 6)
|
Batting: LHB Howard Lambert
|
0-0: Ball 1-0: Ball 2-0: Called Strike 2-1: Ball 3-1: Foul Ball, location: 2F 3-2: Foul Ball, location: 2F 3-2: Foul Ball, location: 2F 3-2: Foul Ball, location: 2F 3-2: Strikes out swinging
|
Bottom of the 4th over - 0 run(s), 0 hit(s), 0 error(s), 0 left on base; Houston 0 - Kansas City 0 |
TOP OF THE 5TH |
Houston Marshals batting - Pitching for Kansas City Kings : RHP Ron Young
|
Batting: RHB Chris Parker
|
0-0: Ball 1-0: Ball 2-0: Called Strike 2-1: Foul Ball, location: 2F 2-2: Strikes out swinging, 2-3 out at first.
|
Batting: SHB Ramón Lugo
|
0-0: Foul Ball, location: 2F 0-1: Fly out, F7 (Flyball, 7S)
|
Batting: SHB Juan Gómez
|
0-0: Ball 1-0: Ball 2-0: Ball 3-0: Base on Balls
|
Batting: RHB Sadao Kimura
|
0-0: Ball 1-0: SINGLE (Line Drive, 56D) Juan Gómez to second
|
Batting: RHB Jim Tracy
|
0-0: Called Strike 0-1: Swinging Strike 0-2: Ball 1-2: Fly out, F9 (Flyball, 9LM)
|
Top of the 5th over - 0 run(s), 1 hit(s), 0 error(s), 2 left on base; Houston 0 - Kansas City 0 |
BOTTOM OF THE 5TH |
Kansas City Kings batting - Pitching for Houston Marshals : LHP Carlos Tavárez
|
Batting: RHB Tony Quinn
|
0-0: Foul Ball, location: 2F 0-1: SINGLE (Groundball, 6MS) (infield hit)
|
Batting: LHB Bruno Lalonde
|
0-0: Called Strike 0-1: Ball 1-1: Ball 2-1: Foul Ball, location: 2F 2-2: Ball 3-2: Foul Ball, location: 2F 3-2: Foul Ball, location: 2F 3-2: Foul Ball, location: 2F 3-2: SINGLE (Groundball, 6MD) Tony Quinn to second Throwing error, E8 Tony Quinn scores Bruno Lalonde to second
|
Batting: RHB Chris Chandler
|
0-0: Called Strike 0-1: Swinging Strike 0-2: SINGLE (Groundball, 56D) Bruno Lalonde to third
|
Batting: SHB Douglas Taylor
|
0-0: Ball Chris Chandler steals 2nd base 1-0: Called Strike 1-1: Foul Ball, location: 2F 1-2: DOUBLE (Flyball, 78M) Bruno Lalonde scores Chris Chandler scores
|
Batting: RHB Toshimichi Kono
|
0-0: Ground out 5-3 (Groundball, 56)
|
Batting: RHB Dave Parker
|
0-0: SINGLE (Groundball, 6MD) Douglas Taylor to third Runner from 3rd tries for Home, SAFE, no throw
|
Batting: LHB Luis González
|
0-0: Ball 1-0: Called Strike 1-1: Ball 2-1: Swinging Strike 2-2: Foul Ball, location: 2F 2-2: Strikes out swinging
|
Batting: SHB António De La Cruz
|
0-0: Ball 1-0: Called Strike 1-1: Called Strike 1-2: Fly out, F8 (Flyball, 8LD)
|
Bottom of the 5th over - 4 run(s), 5 hit(s), 1 error(s), 1 left on base; Houston 0 - Kansas City 4 |
TOP OF THE 6TH |
Houston Marshals batting - Pitching for Kansas City Kings : RHP Ron Young
|
Batting: LHB Lewis Barr
|
0-0: Called Strike 0-1: Ball 1-1: Ball 2-1: Foul Ball, location: 2F 2-2: Foul Ball, location: 2F 2-2: Ball 3-2: Foul Ball, location: 2F 3-2: Foul Ball, location: 2F 3-2: Base on Balls
|
Batting: LHB Matt Smith
|
0-0: Called Strike 0-1: Swinging Strike 0-2: Strikes out swinging
|
Batting: LHB José Rodríguez
|
0-0: Called Strike 0-1: SINGLE (Groundball, 6D) Lewis Barr to second
|
Batting: RHB David Murray
|
0-0: Called Strike 0-1: Ball 1-1: Ball 2-1: Ball 3-1: Grounds into double play, 5-4-3 (Groundball, 56)
|
Top of the 6th over - 0 run(s), 1 hit(s), 0 error(s), 1 left on base; Houston 0 - Kansas City 4 |
BOTTOM OF THE 6TH |
Kansas City Kings batting - Pitching for Houston Marshals : LHP Carlos Tavárez
|
Batting: LHB Howard Lambert
|
0-0: SINGLE (Groundball, 4MD)
|
Batting: RHB Tony Quinn
|
0-0: Ball 1-0: Ball 2-0: Grounds into double play, 6-4-3 (Groundball, 6)
|
Batting: LHB Bruno Lalonde
|
0-0: Ball 1-0: Ball 2-0: Swinging Strike 2-1: Reached on error, E8 (Flyball, 8LD)
|
Batting: RHB Chris Chandler
|
0-0: SINGLE (Line Drive, 56D) Bruno Lalonde to third Runner from 3rd tries for Home, SAFE, no throw
|
Batting: SHB Douglas Taylor
|
0-0: Swinging Strike 0-1: Called Strike 0-2: Ball 1-2: Ball Chris Chandler steals 2nd base 2-2: Ball 3-2: Fly out, F9 (Line Drive, 89S)
|
Bottom of the 6th over - 1 run(s), 2 hit(s), 1 error(s), 1 left on base; Houston 0 - Kansas City 5 |
TOP OF THE 7TH |
Houston Marshals batting - Pitching for Kansas City Kings : RHP Ron Young
|
Batting: RHB Chris Parker
|
0-0: Called Strike 0-1: Foul Ball, location: 2F 0-2: Strikes out swinging, 2-3 out at first.
|
Batting: SHB Ramón Lugo
|
0-0: Foul Ball, location: 2F 0-1: Ball 1-1: Ground out 3-1 (Groundball, 34)
|
Batting: SHB Juan Gómez
|
0-0: Ball 1-0: Ball 2-0: Called Strike 2-1: Called Strike 2-2: Ball 3-2: Base on Balls
|
Pitching: LHP Tim Miller
|
|
Batting: RHB Sadao Kimura
|
0-0: Ball 1-0: Ball 2-0: Fielders Choice at 2nd, 6-4 (Groundball, 6)
|
Top of the 7th over - 0 run(s), 0 hit(s), 0 error(s), 0 left on base; Houston 0 - Kansas City 5 |
BOTTOM OF THE 7TH |
Kansas City Kings batting - Pitching for Houston Marshals : LHP Carlos Tavárez
|
Batting: RHB Toshimichi Kono
|
0-0: Ball 1-0: Foul Ball, location: 2F 1-1: Ball 2-1: Ball 3-1: Fly out, F9 (Line Drive, 89D)
|
Batting: RHB Dave Parker
|
0-0: Called Strike 0-1: SOLO HOME RUN (Flyball, 78XD), Distance : 394 ft
|
Batting: LHB Luis González
|
0-0: Ball 1-0: Ball 2-0: Ground out 4-3 (Groundball, 4M)
|
Batting: SHB António De La Cruz
|
0-0: Ball 1-0: Foul Ball, location: 2F 1-1: Foul Ball, location: 2F 1-2: Ground out 6-3 (Groundball, 6S)
|
Bottom of the 7th over - 1 run(s), 1 hit(s), 0 error(s), 0 left on base; Houston 0 - Kansas City 6 |
TOP OF THE 8TH |
Houston Marshals batting - Pitching for Kansas City Kings : LHP Tim Miller
|
Batting: RHB Jim Tracy
|
0-0: Ball 1-0: Ground out 4-3 (Groundball, 4)
|
Batting: LHB Lewis Barr
|
0-0: Ball 1-0: Foul Ball, location: 2F 1-1: Foul Ball, location: 2F 1-2: Strikes out swinging
|
Batting: LHB Matt Smith
|
0-0: Swinging Strike 0-1: Ball 1-1: Ground out 4-3 (Groundball, 4)
|
Top of the 8th over - 0 run(s), 0 hit(s), 0 error(s), 0 left on base; Houston 0 - Kansas City 6 |
BOTTOM OF THE 8TH |
Kansas City Kings batting - Pitching for Houston Marshals : LHP Carlos Tavárez
|
Pitching: LHP Alfonso Ramos
|
|
Batting: LHB Howard Lambert
|
0-0: Foul Ball, location: 2F 0-1: Ball 1-1: Swinging Strike 1-2: Foul Ball, location: 2F 1-2: Foul Ball, location: 2F 1-2: Strikes out swinging, 2-3 out at first.
|
Batting: RHB Tony Quinn
|
0-0: Ball 1-0: Fly out, F7 (Line Drive, 78M)
|
Batting: LHB Bruno Lalonde
|
0-0: Called Strike 0-1: Ball 1-1: Ball 2-1: Ball 3-1: Base on Balls
|
Batting: RHB Chris Chandler
|
0-0: Ball 1-0: Fly out, F9 (Flyball, 9LMF)
|
Bottom of the 8th over - 0 run(s), 0 hit(s), 0 error(s), 1 left on base; Houston 0 - Kansas City 6 |
TOP OF THE 9TH |
Houston Marshals batting - Pitching for Kansas City Kings : LHP Tim Miller
|
Batting: LHB José Rodríguez
|
0-0: Ball 1-0: Called Strike 1-1: Foul Ball, location: 2F 1-2: SOLO HOME RUN (Flyball, 9LD), Distance : 380 ft
|
Batting: RHB David Murray
|
0-0: Foul Ball, location: 2F 0-1: Ball 1-1: Swinging Strike 1-2: Foul Ball, location: 2F 1-2: Ground out 6-3 (Groundball, 56)
|
Batting: RHB Chris Parker
|
0-0: Ball 1-0: Ball 2-0: SINGLE (Line Drive, 6D)
|
Batting: SHB Ramón Lugo
|
0-0: Ball 1-0: Called Strike 1-1: Foul Ball, location: 2F 1-2: Foul Ball, location: 2F 1-2: Strikes out swinging
|
Batting: SHB Juan Gómez
|
0-0: Called Strike 0-1: Foul Ball, location: 2F 0-2: Ball 1-2: Ball 2-2: Strikes out swinging
|
Top of the 9th over - 1 run(s), 2 hit(s), 0 error(s), 1 left on base; Houston 1 - Kansas City 6 |
|